 Dungeon Crawl Stone Soup version 0.31-a0-188-g5e087ee2ca (webtiles) character file.

Game seed: 5319184381457323920

91 qw the Shooter (level 4, -8/25 HPs)
             Began as a Deep Elf Hunter on June 23, 2023.
             Mangled by an ogre
             ... wielding a +0 giant club
              (16 damage)
             ... on level 3 of the Dungeon.
             The game lasted 00:00:44 (2903 turns).

qw the Shooter (Deep Elf Hunter)                    Turns: 2903, Time: 00:00:45

Health: -8/25      AC:  6    Str: 10    XL:     4   Next: 34%
Magic:  6/6        EV:  9    Int: 14    God:
Gold:   149        SH:  0    Dex: 18    Spells: 3/3 levels left

rFire   . . .        Y - +0 shortbow (drain)
rCold   . . .        (shield currently unavailable)
rNeg    . . .        m - +0 scale mail
rPois   .            (no helmet)
rElec   .            (no cloak)
rCorr   .            (no gloves)
SInv    .            (no boots)
Will    .....        (no amulet)
Stlth   +            (no ring)
HPRegen 0.24/turn    (no ring)
MPRegen 0.10/turn

%: no passive effects
@: weak-willed
A: no striking features
a: no special abilities


You were on level 3 of the Dungeon.
You visited 1 branch of the dungeon, and saw 4 of its levels.

You collected 149 gold pieces.


   Skills:
 - Level 1.5 Fighting
 + Level 7.8 Ranged Weapons
 - Level 2.4 Dodging
 - Level 1.2 Stealth


You had 3 spell levels left.
You didn't know any spells.
Your spell library was empty.

Inventory:

Hand Weapons
 Y - a +0 shortbow of draining (weapon)
Armour
 m - a +0 scale mail (worn)
Scrolls
 b - 2 scrolls of teleportation
Potions
 a - a potion of degeneration {unknown}
 d - a potion of might
 e - a potion of heal wounds {unknown}
 i - a potion of haste {unknown}
 l - a potion of lignification {unknown}

Dungeon Overview and Level Annotations

Branches:
Dungeon (4/15)
 Temple: D:4-7

Altars:

Annotations:
D:3 3 runed translucent doors, qw's ghost, amateur DEHu


Message History

You shoot an arrow. The adder hisses angrily.
The arrow hits the ogre.
The ogre is moderately wounded.
You shoot an arrow.
The arrow hits the ogre but does no damage.
You drain the ogre.
The ogre is moderately wounded.
The orc barely misses you. The ogre hits you with a +0 giant club!
Ouch! That really hurt!
2900 ||| STAIRDANCE The orc wizard hits you but does no damage.
You climb upwards.
Level annotation: 3 runed translucent doors, qw's ghost, amateur DEHu
There is a stone staircase leading down here.
Enter note:
Enter note:
Enter note:
Enter note:
Enter note:
Enter note:
Enter note:
Enter note:
Enter note:
Enter note:
Enter note:
Enter note:
Enter note:
Enter note:
Enter note: You shoot an arrow.
The arrow hits the ogre!
The ogre is severely wounded.
The ogre misses you.
The orc hits you with a +2 mace of protection.
The orc wizard hits you but does no damage.
You shoot an arrow. The arrow hits the ogre.
You drain the ogre.
The ogre is almost dead.
The ogre hits you with a +0 giant club!
Ouch! That really hurt!
You die...

##.####### #......# ## #.#
#......#### #. #.##
#.........###. #..#
####.......#..##. #..#
##.............##. #..#
#..............##. #..#
#...#########..##. #.##
####Oo.#.......#..##. #..#
#..'@o.#..?[...#..##. #..#
#.##...#gz#.#..#..##.
#..###.##+..#W#...#.#...#.
#..##.......#J.#.#..#...#.
#..##.#.....#r......#...#.
#..##.#.....#.......#...#.
#..#..#.....###+++###...#.
#..#.####.......?.......#.
#..#.# #...............#.


You could see an ogre (very drained), a wight, an orc wizard, qw's ghost, an
orc, an endoplasm, a hobgoblin and a rat.

Vanquished Creatures
  3 gnolls (D:2)
  An adder (D:2)
  A dart slug (D:2)
  A worm (D:2)
  An orc (D:3)
  4 ball pythons
  3 endoplasms
  A giant cockroach (D:3)
  4 goblins (D:1)
  5 hobgoblins
  3 jackals (D:3)
  2 quokkas (D:1)
  8 bats
  3 frilled lizards
  A kobold (D:3)
  4 rats
45 creatures vanquished.

Notes
Turn   | Place    | Note
-------+----------+-------------------------------------------
     0 | D:1      | qw the Deep Elf Hunter began the quest for the Orb.
     0 | D:1      | Reached XP level 1. HP: 12/12 MP: 3/3
     0 | D:1      | 0 ||| qw: Version: 0.3-a-9-g12657ce
     0 | D:1      | 0 ||| qw: Game counter: 3095
     0 | D:1      | 0 ||| qw: Always use a shield: true
     0 | D:1      | 0 ||| qw: God list: Okawaru
     0 | D:1      | 0 ||| qw: Allow faded altars: false
     0 | D:1      | 0 ||| qw: Do Orc after D:15 true
     0 | D:1      | 0 ||| qw: Do second Lair branch before Depths: true
     0 | D:1      | 0 ||| qw: Lair rune preference: random
     0 | D:1      | 0 ||| qw: Plans: Normal
     0 | D:1      | 0 ||| PLANNING D:1-11
   288 | D:1      | Reached XP level 2. HP: 16/16 MP: 4/4
   290 | D:1      | Reached skill level 6 in Ranged Weapons
   464 | D:1      | 464 ||| FLEEEEING.
   466 | D:1      | 466 ||| FLEEEEING.
   468 | D:1      | 468 ||| FLEEEEING.
   469 | D:1      | 469 ||| FLEEEEING.
   470 | D:1      | 470 ||| FLEEEEING.
   471 | D:1      | 471 ||| FLEEEEING.
   472 | D:1      | 472 ||| FLEEEEING.
   473 | D:1      | 473 ||| FLEEEEING.
   474 | D:1      | 474 ||| FLEEEEING.
   475 | D:1      | 475 ||| FLEEEEING.
   800 | D:1      | 800 ||| READING scroll labelled ILAX MUYLU.
   801 | D:1      | 801 ||| READING scroll labelled IWIPUX YQAM.
   805 | D:1      | 805 ||| DRINKING 2 purple potions.
   806 | D:1      | 806 ||| DROPPING scroll of butterflies.
   852 | D:2      | Reached XP level 3. HP: 20/20 MP: 5/5
   939 | D:2      | HP: 3/20 [worm (8)]
  1055 | D:2      | Reached skill level 7 in Ranged Weapons
  1064 | D:2      | HP: 4/20 [gnoll/+0 club (7)]
  1068 | D:2      | Reached XP level 4. HP: 6/25 MP: 6/6
  1850 | D:2      | 1850 ||| DROPPING +6 ring of intelligence.
  1851 | D:2      | 1851 ||| READING scroll labelled YDDIRGHU XEOMN.
  1852 | D:2      | 1852 ||| READING scroll labelled TEGGYF GOAC.
  1853 | D:2      | 1853 ||| READING scroll labelled PIARCH JUSI UMIBYB.
  1936 | D:3      | Found a runed translucent gate.
  2344 | D:3      | Found a runed translucent gate.
  2346 | D:3      | Found a runed translucent gate.
  2347 | D:3      | Noticed qw's ghost (amateur DEHu)
  2766 | D:3      | 2766 ||| UPGRADING to +0 scale mail.
  2776 | D:3      | 2776 ||| DROPPING +0 leather armour.
  2777 | D:3      | 2777 ||| READING scroll labelled NAINOHUMA.
  2778 | D:3      | 2778 ||| READING scroll labelled BAURPH BOESS.
  2879 | D:3      | 2879 ||| READING scroll labelled WIUMUM NAISIKU.
  2880 | D:3      | 2880 ||| READING scroll labelled DOCLITAGGE.
  2881 | D:3      | 2881 ||| READING 2 scrolls labelled BOXTYOR UNEVA.
  2882 | D:3      | 2882 ||| DROPPING scroll of vulnerability.
  2895 | D:4      | Noticed an ogre
  2900 | D:4      | 2900 ||| STAIRDANCE
  2903 | D:3      | Mangled by an ogre

Levels and vault maps discovered:
D:1:      dpeg_arrival_three_same_balls, layout_loops_ring
D:2:      layout_basic, minmay_misc_feat_pillars, serial_bayou_crossing
D:3:      minmay_door_path, layout_basic, gammafunk_ghost_split
D:4:      layout_cave_pools, uniq_duvessa

Skill      XL: |  1  2  3 |
---------------+----------+-----
Ranged Weapons | 6 7 |  7.8
Fighting       | |  1.5
Dodging        | |  2.4
Stealth        | |  1.2

Action                     |  1- 3 |  4- 6 || total
---------------------------+-------+-------++-------
   Fire: Shortbow          |    95 |    27 ||   122
    Use: Scroll            |     2 |     8 ||    10
         Potion            |     1 |       ||     1
 Armour: Leather armour    |     3 |       ||     3
         Scale mail        |       |     2 ||     2
  Dodge: Dodged            |    22 |     3 ||    25

Table legend:
 A = Non-vault XP
 B = Vault XP
 C = Vault XP percentage of total XP
 D = Non-vault monster count
 E = Vault monster count
 F = Vault count percentage of total count
                 A         B        C        D         E       F
            +---------+---------+-------+---------+---------+-------
      Total |     126 |       5 |   3.8 |      42 |       3 |   6.7
            +---------+---------+-------+---------+---------+-------
        D:1 |      33 |       0 |   0.0 |      19 |       0 |   0.0
        D:2 |      73 |       0 |   0.0 |      12 |       0 |   0.0
        D:3 |      20 |       5 |  20.0 |      11 |       3 |  21.4
            +---------+---------+-------+---------+---------+-------
